AoeStats
← Silent George

MegaRandom

508259125Analyzed
2v2 RM · 11d ago on Sep 21, 2026· 39m 47s· 4 players
Game mode
Random Map
Map size
Medium (4 player)
Population
200
Speed
Normal
Resources
Standard
Victory
Conquest
Starting age
Dark Age
Ending age
Imperial Age
RankedLock teamsTeams togetherTeam positionsShared explorationLock speedFull tech treeHidden civsTurbo modeCheats
Victory
Defeat
🇧🇪 Dravidians · Belgium
734
+16
🇬🇧 Tatars · United Kingdom
709
+17
🇪🇸 Britons · Spain
741
-17
🇪🇸 Wei · Spain
712
-16
chipandcharge
0:52 Loom
1:22 Loom
17:34 Feudal Age
18:12 Double-Bit Axe
23:36 Castle Age
22:54 Fletching
23:05 Padded Archer Armor
23:43 Horse Collar
24:50 Medium Warships
28:21 Bodkin Arrow
28:42 Leather Archer Armor
31:37 Wheelbarrow
30:52 Town Watch
32:09 Town Patrol
35:23 Heavy Plow
35:15 Gold Mining
35:15 Stone Mining
35:40 Bow Saw
36:56 Hand Cart
37:24 Gold Shaft Mining
36:39 Stone Mining
42:12 Imperial Age
Silent George
0:28 Loom
13:16 Feudal Age
14:09 Town Watch
17:22 Man-at-Arms
17:48 Arson
20:52 Scale Mail Armor
21:03 Forging
20:44 Fletching
27:23 Castle Age
29:04 Scale Barding Armor
28:58 Bodkin Arrow
29:03 Padded Archer Armor
30:38 Long Swordsman
31:19 Squires
31:04 Gambesons
31:35 Thumb Ring
37:26 Scale Barding Armor
42:47 Imperial Age
DEPORAI
10:02 Feudal Age
8:20 Loom
11:23 Wheelbarrow
10:38 Double-Bit Axe
10:35 Horse Collar
13:31 Loom
13:32 Town Watch
18:46 Arson
18:59 Gold Mining
20:27 Arson
24:59 Castle Age
22:55 Man-at-Arms
24:30 Fletching
25:52 Squires
30:22 Hand Cart
30:35 Pikeman
31:58 Squires
36:34 Long Swordsman
36:50 Elite Skirmisher
ÑamÑam88
2:27 Loom
13:40 Feudal Age
14:58 Wheelbarrow
14:09 Horse Collar
14:24 Double-Bit Axe
14:11 Man-at-Arms
24:23 Castle Age
27:09 Hand Cart
26:57 Heavy Plow
27:10 Bow Saw
27:54 Husbandry
28:41 Squires
32:52 Tuntian
33:12 Demolition Ship
35:20 Pikeman
Connection lost

Rejoining the realm…

Still unreachable

The connection could not be restored.

Session expired

The server has moved on; the page needs a fresh start.